 Dungeon Crawl Stone Soup version 0.31-a0-1603-gbec6b6c (webtiles) character file.

Game seed: 6168694991570276291

49037 Dorkslayer the Severer (level 14, -10/138 (139) HPs)
             Began as a Hill Orc Fighter on Jan 7, 2024.
             Was an Initiate of Gozag.
             Killed by an exploding orc (25 damage)
             ... ignited by their inner flame
             ... on level 1 of the Orcish Mines.
             The game lasted 00:50:29 (14437 turns).

Dorkslayer the Severer (Hill Orc Fighter)          Turns: 14437, Time: 00:50:30

HP:   -10/138 (139) AC: 32    Str: 26    XL:     14   Next: 49%
MP:   14/14         EV: 10    Int: 10    God:    Gozag
Gold: 2196          SH: 18    Dex: 23    Spells: 13/13 levels left

rFire   . . .        y - +2 war axe (heavy)
rCold   + . .        a - +0 kite shield
rNeg    + . .        m - +2 crystal plate armour {rC+}
rPois   +            p - +2 hat
rElec   .            h - +0 cloak
rCorr   .            t - +0 pair of gloves {Dex+3}
SInv    .            x - +2 pair of boots {rampage}
Will    ++...        f - amulet of reflection Stlth
                     g - +6 ring of strength
HPRegen 0.43/turn    i - ring of Springtime {^Contam rPois rN+ Dex+6}
MPRegen 0.14/turn

%: reflection, rampage
@: gold aura, studying Ice Magic, lightly drained
A: talons 1, thin skeletal structure 1, strong-willed 1, robust 1
a: Renounce Religion, Potion Petition, Call Merchant, Bribe Branch


You were on level 1 of the Orcish Mines.
You worshipped Gozag.
Gozag was most pleased with you.
You visited 3 branches of the dungeon, and saw 17 of its levels.
You visited 1 bazaar.
You also visited: Ice Cave.

You collected 3892 gold pieces.
You spent 1609 gold pieces at shops.
You paid 87 gold pieces to Gozag.

Inventory:

Hand Weapons
 y - a +2 heavy war axe (weapon)
 z - a +5 war axe of venom
 I - a +1 broad axe of electrocution
Missiles
 o - 2 throwing nets
 J - 3 javelins (quivered)
 K - 5 boomerangs
Armour
 a - a +0 kite shield (worn)
 h - a +0 cloak (worn)
 j - the +3 plate armour "Jurat" {rPois rC+}
   (You found it on level 9 of the Dungeon)

   rC+:       It protects you from cold.
   rPois:     It protects you from poison
 m - a +2 crystal plate armour of cold resistance (worn)
 p - a +2 hat (worn)
 t - a +0 pair of gloves of dexterity (worn)
 x - a +2 pair of boots of rampaging (worn)
Jewellery
 f - an amulet of reflection (around neck)
 g - a +6 ring of strength (left hand)
 i - the ring of Springtime (right hand) {^Contam rPois rN+ Dex+6}
   (You took it off an orc priest on level 7 of the Dungeon)

   [ring of dexterity]

   Dex+6:     It affects your dexterity (+6).
   rPois:     It protects you from poison rN+: It protects you from negative
   energy.
   ^Contam:   It causes magical contamination when unequipped.
 A - an amulet of regeneration
Wands
 c - a wand of charming (3)
 C - a wand of flame (37)
Scrolls
 q - 2 scrolls of immolation
 H - 2 scrolls of butterflies
 L - a scroll of teleportation
Potions
 b - 5 potions of mutation
 e - 4 potions of magic
 n - 9 potions of curing
 s - 2 potions of ambrosia
 u - 2 potions of resistance
 v - 3 potions of enlightenment
 w - a potion of brilliance
 B - a potion of berserk rage
 F - a potion of lignification
Miscellaneous
 D - a box of beasts


   Skills:
 + Level 12.3 Fighting
 + Level 16.6 Axes
 + Level 0.4 Throwing
 + Level 12.5 Armour
 * Level 9.3 Dodging
 + Level 1.9 Stealth
 + Level 10.1 Shields
 * Level 7.0 Evocations


You had 13 spell levels left.
You didn't know any spells.
Your spell library contained the following spells:

 Spells                   Type           Power      Damage    Failure   Level
 Magic Dart               Conj           0%         1d3       100%        1
 Necrotise                Necr           0%         1d4       100%        1
 Searing Ray              Conj           0%         2d4       100%        2
 Sublimation of Blood     Necr           0%         N/A       100%        2
 Vampiric Draining        Necr           0%         2d6       100%        3
 Fulminant Prism          Conj/Alch      0%         3d5       100%        4
 Martyr's Knell           Necr/Summ      0%         N/A       100%        4
 Petrify                  Alch/Erth      0%         N/A       100%        4
 Curse of Agony           Necr           0%         N/A       100%        5
 Irradiate                Conj/Alch      0%         3d11      100%        5


Dungeon Overview and Level Annotations

Branches:
Dungeon (15/15)            Temple (1/1) D:5            Lair (0/5) D:9
    Orc (1/2) D:9          Vaults (0/5) D:13         Depths (0/4) D:15
  IceCv (visited)

Altars:
Ashenzari
Cheibriados
Dithmenos
Elyvilon
Fedhas
Gozag
Hepliaklqana
Kikubaaqudgha
Makhleb
Nemelex Xobeh
Okawaru
Qazlal
Ru
Sif Muna
Trog
Uskayaw
Vehumet
Wu Jian
Xom
Yredelemnul
Zin
The Shining One
Beogh

Shops:
D:3 (   D:4 (   D:8 !   D:14 [

Annotations:
Orc:1 Jorgrun, Snorg


Innate Abilities, Weirdness & Mutations

You have sharp toenails.
You have a somewhat thin skeletal structure. (Dex +2, Stealth+)
You are strong-willed. (Will+)
You are robust. (+10% HP)


Message History

The javelin pierces through Jorgrun!
Flame seeps out of Jorgrun.
Jorgrun is lightly wounded.
An orc comes into view. It is wielding a +0 club.
Jorgrun is engulfed in blazing flames.
Flame seeps out of Jorgrun.
Jorgrun mutters some incantations to himself.
An orc warrior comes into view. It is wielding a +0 scimitar.
An orc comes into view. It is wielding a +0 morningstar.
You block the orc's attack.
The orc wizard is distracted by your dazzling golden aura.
You block the orc wizard's attack.
The orc wizard is distracted by your dazzling golden aura.
An orc comes into view. It is wielding a +0 short sword.
You block the orc's attack.
The orc moves out of view.
The orc wizard shouts!
An orc warrior comes into view. It is wielding a +0 mace.
Unknown command.
Throw: 3 javelins
Press: ? - help, Q - select action, (/) - cycle Shift-Dir - straight line, p - Jorgrun
Okay, then.
The orc wizard shouts!
You slash the orc wizard!
Flame seeps out of the orc wizard.
The orc wizard is no longer distracted by gold.
The orc wizard is heavily wounded.
You slash the orc wizard!
Flame seeps out of the orc wizard.
You closely miss the orc.
The orc wizard is engulfed in blazing flames.
The orc wizard explodes!
The fiery explosion engulfs the orc!!
The fiery explosion engulfs the orc wizard!!!
The fiery explosion engulfs the orc!
The fiery explosion engulfs you!!
The orc explodes!
The fiery explosion engulfs you!!
* * * LOW HITPOINT WARNING * * *
The orc wizard explodes!
The fiery explosion engulfs you!
* * * LOW HITPOINT WARNING * * *
The orc explodes!
The fiery explosion engulfs you!!
You die...
Your body crumbles into a pile of gold.

o......##
.oo.#.....##
...o..o#.....#
.....°..(....
.......$.(..#
....$.g..o#.##
.#.$.$$§§§$§.#
#......§○○§§##
#...§§@§#.##
##..§§§....#
##.#......#
#...##$#.##
##.# ##### ##


You could see Jorgrun (inner flame), 2 orc warriors, an orc wizard (inner flame)
and 2 orcs.

Vanquished Creatures
  A reaper (IceCv)
  A quicksilver dragon zombie (D:15)
  The ghost of Taxman1966 the Thaumaturge, a journeyman DjFE (D:9)
  A rakshasa (D:14)
  Erolcha (D:9)
  2 hydras
  Erica (D:9)
  6 centaur warriors
  6 boulder beetles
  2 two-headed ogres
  A vampire mage (D:15)
  Urug (D:12)
  Nergalle (D:12)
  3 skeletal warriors (D:15)
  A deep troll (D:13)
  Pikel (D:5)
  A deep elf pyromancer (D:14)
  A lindwurm (D:13)
  A necromancer (D:15)
  2 orc sorcerers (Orc:1)
  9 ugly things
  A manticore (D:14)
  4 cyclopes
  6 meliai
  2 ice statues (IceCv)
  The ghost of RexxRaptorr the Skirmisher, a novice GnHu (D:4)
  2 gargoyles
  An efreet (D:13)
  2 kobold demonologists (D:9)
  A yaktaur (D:15)
  2 rime drakes (D:13)
  An anaconda simulacrum (IceCv)
  A komodo dragon (D:12)
  4 ice devils (IceCv)
  6 trolls
  Prince Ribbit (D:7)
  A spriggan zombie (D:15)
  10 slime creatures
  A centaur simulacrum (D:14)
  A spriggan (shapeshifter) (D:13)
  4 wraiths
  4 basilisks
  12 yaks
  3 wyverns (D:9)
  A warg (Orc:1)
  2 fire elementals (D:12)
  3 death yak simulacra (IceCv)
  2 harpy simulacra (IceCv)
  2 vampire mosquitoes (D:10)
  Edmund (D:5)
  3 acid dragons
  A hydra simulacrum (IceCv)
  A hell hound (D:12)
  2 water moccasins
  Duvessa (D:7)
  10 orc warriors
  5 sky beasts
  3 boggarts (D:15)
  An ice beast (D:7)
  2 black bears
  2 laughing skulls (D:13)
  9 centaurs
  4 ogres
  2 lemures (D:5)
  4 kobold brigands
  6 bullfrogs
  2 gnoll sergeants
  4 scorpions
  2 two-headed ogre simulacra (IceCv)
  5 wights (D:8)
  Dowan (D:7)
  15 killer bees
  5 electric eels (D:10)
  9 howler monkeys
  A crimson imp (D:5)
  2 bombardier beetles
  Crazy Yiuf (D:5)
  3 hounds
  2 jellies
  3 gnoll boudas
  6 orc priests
  Jessica (D:2)
  9 iguanas
  10 orc wizards
  A polar bear simulacrum (IceCv)
  A spriggan simulacrum (IceCv)
  A troll simulacrum (IceCv)
  A wolf simulacrum (IceCv)
  9 adders
  24 gnolls
  2 naga simulacra (IceCv)
  3 white imps
  4 ufetubi (IceCv)
  2 dart slugs
  A ribbon worm (D:4)
  42 orcs
  7 bats
  4 endoplasms
  6 giant cockroaches
  8 goblins
  7 hobgoblins
  7 jackals
  3 quokkas
  7 ball pythons
  24 kobolds
  6 rats
433 creatures vanquished.

Vanquished Creatures (collateral kills)
  Azrael (D:12)
  A fire elemental (D:12)
  An orc warrior (D:9)
  A hell hound (D:12)
  An orc priest (D:9)
  2 orcs (D:9)
7 creatures vanquished.

Vanquished Creatures (others)
  A hydra (D:14)
  A hell hound (D:12)
  A howler monkey (D:11)
3 creatures vanquished.

Grand Total: 443 creatures vanquished

Notes
Turn   | Place    | Note
-------+----------+-------------------------------------------
     0 | D:1      | Dorkslayer the Hill Orc Fighter began the quest for the
                  | Orb.
     0 | D:1      | Reached XP level 1. HP: 19/19 MP: 1/1
    79 | D:1      | Reached XP level 2. HP: 27/27 MP: 2/2
   173 | D:1      | Found a faded altar of an unknown god.
   274 | D:1      | Reached skill level 3 in Axes
   612 | D:1      | Reached XP level 3. HP: 33/33 MP: 3/3
   941 | D:2      | Identified the +2 leather armour "Heiczoiz" {Dex-3 Slay+5}
   949 | D:2      | Noticed Jessica
   954 | D:2      | Killed Jessica
   955 | D:2      | Reached skill level 1 in Dodging
   955 | D:2      | Reached XP level 4. HP: 32/40 MP: 4/4
  1178 | D:2      | Reached skill level 4 in Axes
  1448 | D:3      | Found an ancient bone altar of Kikubaaqudgha.
  1488 | D:3      | Found Ozxa's Antique Weapon Shoppe.
  1889 | D:4      | Reached XP level 5. HP: 19/47 MP: 5/5
  2032 | D:4      | Reached skill level 5 in Axes
  2032 | D:4      | Reached XP level 6. HP: 20/53 MP: 6/6
  2481 | D:4      | Found a snail-covered altar of Cheibriados.
  2536 | D:4      | Noticed a black bear
  2537 | D:4      | Found a runed translucent door.
  2539 | D:4      | Noticed RexxRaptorr's ghost (novice GnHu)
  2546 | D:4      | Killed a black bear
  2595 | D:4      | Reached skill level 6 in Axes
  2735 | D:4      | Reached XP level 7. HP: 60/60 MP: 7/7
  2901 | D:4      | Found Qopral's Antique Weapon Emporium.
  2948 | D:4      | Found a radiant altar of Vehumet.
  3048 | D:4      | Killed RexxRaptorr's ghost
  3049 | D:4      | Reached skill level 5 in Fighting
  3049 | D:4      | Reached skill level 7 in Axes
  3203 | D:5      | Entered Level 5 of the Dungeon
  3208 | D:5      | Reached skill level 5 in Armour
  3237 | D:5      | Found a hide-covered altar of Uskayaw.
  3237 | D:5      | Noticed a +0 spear
  3238 | D:5      | Noticed a +0 dagger
  3238 | D:5      | Noticed a +0 falchion
  3239 | D:5      | Noticed a +0 short sword
  3239 | D:5      | Noticed a +0 dagger
  3239 | D:5      | Noticed a +0 spear
  3239 | D:5      | Noticed a +0 falchion
  3240 | D:5      | Noticed a +0 short sword
  3273 | D:5      | Identified the +4 spear of Wepnamer {drain, rF+ Int+3
                  | Dex+3}
  3285 | D:5      | Reached XP level 8. HP: 57/68 MP: 8/8
  3338 | D:5      | Reached skill level 8 in Axes
  3520 | D:5      | Found a staircase to the Ecumenical Temple.
  3523 | D:5      | Noticed Edmund
  3542 | D:5      | Killed Edmund
  3561 | Temple   | Entered the Ecumenical Temple
  3572 | Temple   | Became a worshipper of Gozag Ym Sagoz the Greedy
  3646 | D:5      | Reached skill level 5 in Shields
  3673 | D:5      | Found a runed translucent door.
  3674 | D:5      | Noticed Crazy Yiuf
  3679 | D:5      | Killed Crazy Yiuf
  3770 | D:5      | Found a burning altar of Makhleb.
  3921 | D:5      | Reached skill level 9 in Axes
  4136 | D:6      | Noticed Pikel
  4147 | D:5      | Reached XP level 9. HP: 71/78 MP: 9/9
  4171 | D:5      | Killed Pikel
  4172 | D:5      | Reached skill level 10 in Axes
  4215 | D:6      | Noticed a purple ugly thing
  4231 | D:6      | Killed a purple ugly thing
  4460 | D:6      | Found a sparkling altar of Nemelex Xobeh.
  4658 | D:6      | Reached skill level 11 in Axes
  4658 | D:6      | Reached skill level 5 in Dodging
  4658 | D:6      | Reached XP level 10. HP: 83/86 MP: 10/10
  5235 | D:7      | Noticed Prince Ribbit
  5240 | D:7      | Noticed Duvessa
  5246 | D:7      | Noticed Dowan
  5252 | D:7      | Killed Duvessa
  5264 | D:7      | Killed Prince Ribbit
  5265 | D:7      | Killed Dowan
  6063 | D:7      | Identified the staff "Oxakaidgh" {rPois rF+ Air Earth}
  6120 | D:7      | Noticed a gargoyle
  6125 | D:7      | Killed a gargoyle
  6129 | D:7      | Identified the +1 robe of Biwyoh {Rampage *Slow rN+ Regen+}
  6129 | D:7      | Identified the ring of Springtime {^Contam rPois rN+ Dex+6}
  6206 | D:8      | Reached skill level 12 in Axes
  6244 | D:8      | Reached XP level 11. HP: 25/97 MP: 11/11
  6451 | D:8      | Found Xokhameg's Distillery.
  6456 | D:8      | Bought a potion of might for 48 gold pieces
  6456 | D:8      | Bought a potion of curing for 36 gold pieces
  6456 | D:8      | Bought 2 potions of resistance for 240 gold pieces
  6456 | D:8      | Bought a potion of mutation for 96 gold pieces
  6456 | D:8      | Bought a potion of enlightenment for 60 gold pieces
  6456 | D:8      | Bought 2 potions of mutation for 192 gold pieces
  6456 | D:8      | Bought a potion of mutation for 96 gold pieces
  6456 | D:8      | Gained mutation: You have sharp toenails. [potion of
                  | mutation]
  6456 | D:8      | Gained mutation: You are robust. (+10% HP) [potion of
                  | mutation]
  6456 | D:8      | Gained mutation: You are strong-willed. (Will+) [potion of
                  | mutation]
  6456 | D:8      | Gained mutation: You have a somewhat thin skeletal
                  | structure. (Dex +2, Stealth+) [potion of mutation]
  6910 | D:8      | Found a stormy altar of Qazlal.
  7151 | D:8      | Reached skill level 10 in Armour
  7369 | D:9      | Identified the +3 plate armour "Jurat" {rPois rC+}
  7590 | D:9      | Noticed Erica
  7605 | D:9      | Killed Erica
  7731 | D:9      | Found a staircase to the Lair.
  7738 | D:9      | Reached skill level 13 in Axes
  7742 | D:9      | Reached skill level 1 in Stealth
  7876 | D:9      | Found a roughly hewn altar of Beogh.
  7878 | D:9      | Found a staircase to the Orcish Mines.
  8136 | D:9      | Found a runed translucent gate.
  8196 | D:9      | Noticed Erolcha
  8203 | D:9      | Killed Erolcha
  8204 | D:9      | Reached skill level 10 in Fighting
  8204 | D:9      | Reached skill level 1 in Evocations
  8246 | D:9      | Found a runed translucent gate.
  8247 | D:9      | Found a runed translucent gate.
  8250 | D:9      | Noticed Taxman1966's ghost (journeyman DjFE)
  8261 | D:9      | Killed Taxman1966's ghost
  8343 | D:9      | Found a basalt altar of Yredelemnul.
  8436 | D:10     | Entered Level 10 of the Dungeon
  8706 | D:10     | Reached XP level 12. HP: 116/116 MP: 12/12
  8714 | D:10     | Reached skill level 14 in Axes
  8781 | D:10     | Found a shadowy altar of Dithmenos.
  8828 | D:10     | Noticed a two-headed ogre
  8837 | D:10     | Killed a two-headed ogre
  9188 | D:10     | Found a blossoming altar of Fedhas.
  9324 | D:11     | Noticed a two-headed ogre
  9343 | D:11     | Killed a two-headed ogre
  9655 | D:11     | Identified the +7 quarterstaff of the Tired Tusks {flame,
                  | rF+ Stlth+}
  9944 | D:12     | Noticed Azrael
  9956 | D:12     | Killed Azrael
 10005 | D:12     | Found a flickering gateway to a bazaar.
 10010 | Bazaar   | Entered a bazaar
 10027 | Bazaar   | Found Ethracha's Book Boutique.
 10053 | Bazaar   | Found Bueh's Distillery.
 10063 | Bazaar   | Found Qesofeun's Distillery.
 10066 | Bazaar   | Found Olocifor's Book Boutique.
 10080 | Bazaar   | Bought a potion of curing for 39 gold pieces
 10080 | Bazaar   | Bought a potion of curing for 39 gold pieces
 10080 | Bazaar   | Bought a potion of might for 52 gold pieces
 10080 | Bazaar   | Bought a potion of curing for 39 gold pieces
 10080 | Bazaar   | Bought a potion of degeneration for 13 gold pieces
 10080 | Bazaar   | Bought a potion of enlightenment for 65 gold pieces
 10080 | Bazaar   | Bought a potion of mutation for 104 gold pieces
 10094 | Bazaar   | Bought a potion of heal wounds for 55 gold pieces
 10094 | Bazaar   | Bought a potion of berserk rage for 55 gold pieces
 10094 | Bazaar   | Bought a potion of curing for 33 gold pieces
 10094 | Bazaar   | Bought a potion of enlightenment for 55 gold pieces
 10094 | Bazaar   | Bought a potion of heal wounds for 55 gold pieces
 10094 | Bazaar   | Bought a potion of ambrosia for 88 gold pieces
 10337 | D:12     | Noticed a boulder beetle
 10362 | D:12     | Killed a boulder beetle
 10451 | D:12     | Noticed Nergalle
 10456 | D:12     | Killed Nergalle
 10470 | D:12     | Noticed a boulder beetle
 10484 | D:12     | Killed a boulder beetle
 10485 | D:12     | Reached skill level 15 in Axes
 10502 | D:12     | Reached XP level 13. HP: 116/126 MP: 13/13
 10533 | D:12     | Noticed Urug
 10543 | D:12     | Killed Urug
 11097 | D:13     | Reached skill level 5 in Evocations
 11185 | D:13     | Found a frozen archway.
 11196 | IceCv    | Entered an ice cave
 11514 | IceCv    | Noticed a reaper
 11526 | IceCv    | Killed a reaper
 11719 | D:13     | Reached skill level 16 in Axes
 11753 | D:13     | Found a gate to the Vaults.
 12250 | D:14     | Found a shadowy altar of Dithmenos.
 12261 | D:14     | Noticed a rakshasa
 12304 | D:14     | Killed a rakshasa
 12398 | D:14     | Found Nishou's Armour Boutique.
 12402 | D:14     | Bought a +0 pair of gloves of dexterity for 149 gold pieces
 12435 | D:14     | Identified the +0 leather armour of Omission {Harm Dex+3}
 12643 | D:14     | Reached XP level 14. HP: 131/137 MP: 14/14
 12913 | D:15     | Entered Level 15 of the Dungeon
 12951 | D:15     | Found a staircase to the Depths.
 13825 | D:15     | Reached skill level 10 in Shields
 14306 | Orc:1    | Entered Level 1 of the Orcish Mines
 14316 | Orc:1    | Noticed Snorg
 14331 | Orc:1    | HP: 1/138 [orc high priest/divine providence (10)]
 14430 | Orc:1    | Noticed Jorgrun
 14437 | Orc:1    | Killed by an exploding orc... ignited by their inner flame

Illustrated notes

Levels and vault maps discovered:
D:1:      denvon_arrival_waterhouse, layout_loops_ring,
          ebering_ecumenical_altar_mist, kennysheep_small_spiral,
          nicolae_figureground_sparkle
D:2:      layout_rooms, uniq_jessica
D:3:      layout_rooms, lemuel_round_altar, serial_shops,
          nicolae_shop_just_a_little_nook
D:4:      layout_cave_pods, kennysheep_mini_moat, cheibriados_altar_1,
          serial_park, serial_park_tiny_2, serial_park_tiny_2,
          serial_park_square3 [serial_park_minivault_5x5_3], serial_shops, shop,
          ebering_ghost_reflecting_pool, kennysheep_generic_room_7
D:5:      layout_rooms, nicolae_uskayaw_en_pointe, makhleb_grotto_becter,
          minmay_temple_entry_gardened_gates, serial_bayou_pond_e,
          pf_guarded_unrand_woodcutter, uniq_edmund, uniq_crazy_yiuf_cottage
D:6:      layout_loops_corners, nemelex_xobeh_ov_fountains_minmay, uniq_pikel
D:7:      minmay_the_grid_octo_2x2 [minmay_the_grid_octo_teeth,
          minmay_the_grid_octo_thin_diamonds, minmay_the_grid_octo_odd_swirl,
          minmay_the_grid_octo_prize_single_spiral], layout_cave_pools,
          reono_crystal_passage, hangedman_decor_clover_reticule,
          nicolae_tricolors, uniq_prince_ribbit1, uniq_duvessa
D:8:      layout_basic, mainiacjoe_overflow_concentric_impassable, serial_shops,
          kennysheep_little_box
D:9:      nicolae_cairo_tiling_large, layout_basic,
          mainiacjoe_overflow_cross_hatched, david_lair_generic, david_orc_5,
          ebering_ghost_rock_garden, uniq_erolcha, uniq_erica
D:10:     layout_basic, lemuel_round_altar, lemuel_coloured_pillars_altar
D:11:     layout_loops_ring
D:12:     layout_stronghold, serial_shops, bzr_entry_road, uniq_azrael,
          uniq_nergalle, uniq_urug
D:13:     layout_roguey, david_vaults_4, portal_ice_cave_rime
D:14:     layout_roguey, serial_shops, nicolae_shop_back_alley_shop,
          nicolae_dithmenos_shadow_blocks
D:15:     gammafunk_depths_entry_grave, layout_basic,
          hangedman_decor_diamond_cutter
Temple:   hellmonk_temple_flake
Orc:1:    layout_diamond_mine, nicolae_orc_pool_cavern, uniq_jorgrun,
          uniq_snorg, uniq_sonja

Skill      XL: |  1  2  3  4  5  6  7  8  9 10 11 12 13 14 |
---------------+-------------------------------------------+-----
Axes           | 3 4 5 6 7 9 11 12 13 15 16 | 16.6
Fighting       | 4 5 6 7 9 10 11 12 | 12.3
Dodging        | 1 2 3 5 6 7 8 9 |  9.3
Shields        | 4 5 6 7 9 10 | 10.1
Armour         | 4 5 7 9 10 11 12 | 12.5
Stealth        | 1 |  1.9
Evocations     | 2 4 6 7 |  7.0
Throwing       | |  0.4

Action                     |  1- 3 |  4- 6 |  7- 9 | 10-12 | 13-15 || total
---------------------------+-------+-------+-------+-------+-------++-------
  Melee: War axe           |    67 |   152 |   133 |   392 |   343 ||  1087
         Battleaxe         |       |       |    58 |   144 |       ||   202
  Throw: Throwing net      |       |       |       |     3 |       ||     3
         Dart              |       |       |       |       |     3 ||     3
         Javelin           |       |       |       |       |     1 ||     1
  Evoke: Wand              |       |       |       |    11 |    24 ||    35
         Box of beasts     |       |       |       |     1 |     1 ||     2
    Use: Potion            |       |     1 |     2 |     2 |    14 ||    19
         Scroll            |       |     7 |     1 |    11 |     6 ||    25
   Stab: Distracted        |       |       |     1 |     3 |     2 ||     6
         Held in net/web   |       |       |       |     1 |       ||     1
         Invisible         |       |       |       |       |     1 ||     1
 Armour: Scale mail        |    56 |    24 |       |       |       ||    80
         Swamp dragon scal |       |    66 |       |       |       ||    66
         Plate armour      |       |    39 |   156 |   436 |   100 ||   731
         Crystal plate arm |       |       |       |       |   257 ||   257
  Dodge: Dodged            |    33 |    93 |    54 |   213 |   146 ||   539
  Block: Buckler           |    20 |    46 |    29 |       |       ||    95
         Kite shield       |       |       |       |   194 |   318 ||   512
         Reflection        |       |       |       |       |     5 ||     5

Table legend: (Time is in decaauts)
 A = Elapsed time spent in this place.
 B = Non-inter-level travel time spent in this place.
 C = Inter-level travel time spent in this place.
 D = Time resting spent in this place.
 E = Time spent auto-exploring this place.
 F = Levels seen in this place.
 G = Mean time per level.
                   A        B        C        D        E       F      G
               +--------+--------+--------+--------+--------+-----+--------+
         Total |  14735 |  14546 |    189 |    391 |   6670 |  19 |  775.5 |
       Dungeon |  14015 |  13826 |    189 |    285 |   6670 |  15 |  934.3 |
        Temple |     22 |     22 |      0 |      0 |      0 |   1 |   22.0 |
  Orcish Mines |    134 |    134 |      0 |     74 |      0 |   1 |  134.0 |
        Bazaar |     99 |     99 |      0 |      0 |      0 |   1 |   99.0 |
      Ice Cave |    463 |    463 |      0 |     32 |      0 |   1 |  463.0 |
               +--------+--------+--------+--------+--------+-----+--------+

Top non-repeatable levels by time:
     D:4: 1386 daAuts
    D:15: 1249 daAuts
     D:9: 1187 daAuts
     D:8: 1185 daAuts
     D:6: 1015 daAuts
     D:5: 989 daAuts
    D:10: 981 daAuts
     D:7: 957 daAuts
    D:12: 894 daAuts
    D:13: 870 daAuts
     D:1: 863 daAuts
    D:14: 752 daAuts
    D:11: 668 daAuts
     D:2: 554 daAuts
   IceCv: 463 daAuts
